 Dungeon Crawl Stone Soup version 0.20.1-1-g8b1a95d66d (webtiles) character file.

1995 KoningWillie the Carver (level 9, -1/78 HPs)
             Began as a Minotaur Fighter on Nov 19, 2017.
             Slain by a big kobold
             ... wielding a +0 club
              (3 damage)
             ... on level 7 of the Dungeon on Nov 20, 2017.
             The game lasted 00:12:55 (4703 turns).

KoningWillie the Carver (Minotaur Fighter)          Turns: 4703, Time: 00:12:55

Health: -1/78      AC:  9    Str: 24    XL:     9   Next: 1%
Magic:  8/8        EV: 10    Int:  5    God:    Xom [.....*]
Gold:   256        SH: 13    Dex: 10    Spells: 8/8 levels left

rFire    . . .     SeeInvis .   a - +0 long sword
rCold    . . .     Gourm    .   c - +0 shield
rNeg     . . .     Faith    .   b - +2 scale mail
rPois    .         Spirit   .   (helmet restricted)
rElec    .         Reflect  +   (no cloak)
rCorr    .         Harm     .   (no gloves)
MR       .....                  (no boots)
Stlth    ..........             f - +2 amulet of reflection
Regen    0.3/turn               (no ring)
MPRegen  0.2/turn               (no ring)

@: lethally poisoned (-1 -> -5), about to teleport, hasted, very quick
A: retaliatory headbutt, horns 2, screaming 1
a: Renounce Religion


You were on level 7 of the Dungeon.
You worshipped Xom.
You were Xom's teddy bear.
You were full.

You visited 1 branch of the dungeon, and saw 7 of its levels.

You collected 346 gold pieces.
You spent 90 gold pieces at shops.

Inventory:

Hand Weapons
 a - a +0 long sword (weapon)
Armour
 b - a +2 scale mail (worn)
 c - a +0 shield (worn)
 u - a +0 leather armour
Jewellery
 f - a +2 amulet of reflection (around neck)
 k - a cursed +2 amulet of reflection
 t - an uncursed ring of protection from fire {unknown}
Wands
 o - a wand of iceblast (4/15)
 q - a wand of iceblast (5/15)
 w - a wand of scattershot (5/9)
Scrolls
 g - a scroll of remove curse
 h - a scroll of enchant armour
 i - a scroll of recharging
 j - 2 scrolls of immolation
 s - a scroll of identify
Potions
 e - a potion of mutation {unknown}
 m - 2 potions of flight {unknown}
 n - a potion of invisibility {unknown}
 r - a potion of haste {unknown}
Books
 p - Sif Muna's Catalogue of Moulding
   (You found it on level 5 of the Dungeon)

   Spells                             Type                      Level
   a - Beastly Appendage              Transmutation                1


   Skills:
 + Level 6.5 Fighting
 + Level 8.6 Long Blades
 + Level 6.2 Armour
 + Level 3.7 Dodging
 + Level 1.6 Stealth
 + Level 7.8 Shields


You had 8 spell levels left.
You didn't know any spells.

Dungeon Overview and Level Annotations

Branches:
Dungeon (7/15)             Temple (0/1) D:4

Altars:
Ashenzari
Dithmenos
Hepliaklqana
Kikubaaqudgha
Nemelex Xobeh
Qazlal
Sif Muna
Vehumet
Xom
Zin

Shops:
D:4 [   D:5 *[

Annotations:
D:3 Dommiel19's ghost, amateur GrMo; Sigmund


Innate Abilities, Weirdness & Mutations

You reflexively headbutt those who attack you in melee.
You have a pair of horns on your head.
You occasionally shout uncontrollably at your foes.


Message History

You slash the big kobold! You headbutt the big kobold.
The big kobold is heavily wounded.
The killer bee stings you.
* * * LOW HITPOINT WARNING * * *
You block the big kobold's attack.
As you read the scroll labeled WOOGIP EGUOPN, it crumbles to dust.
You feel aware of your surroundings.
It was a scroll of magic mapping.
You block the killer bee's attack. The big kobold hits you with a club.
* * * LOW HITPOINT WARNING * * *
As you read the scroll labeled JONLAC EMOT, it crumbles to dust.
You feel strangely unstable.
It was a scroll of teleportation.
The killer bee stings you.
* * * LOW HITPOINT WARNING * * *
You are lethally poisoned!
The killer bee poisons you!
* * * LOW HITPOINT WARNING * * *
You feel sick. You block the killer bee's attack.
The big kobold hits you with a club.
You die...
Xom guffaws!

*,*,*****#.#.###o...#******,*,*
*,*,*****.......oo#,,,,,,<,,*,*
*,*,,,,,,.......#h##*********,*
*,*******...g..###)## *,*
,,,,,,,,,.....#* ##)# *,*
*,******,..#...###.## **,** *,*
**,,.......#.## *,,,* *,*
**,,*o##,,*#K## *,*,*
*,***,,,,,**,,*#@# *,,,*
,,,<,,,,,,,,,,*#y# ***,*
***,*,,,,,**,,*#y# *,*
***,,,,,,,**,**#y# *,*
,,,,,,,,,,*,,*##y## **,**
****,,,..,,*,*#.y.# *,,,*
*,*,...,,,*#.5.##### **,**
*,,,,...####.......# *,*
******#.#......[...# *,*


You could see a big kobold, 5 killer bees, a gnoll and a friendly crimson imp.

Vanquished Creatures
  The ghost of Peloso the Shield-Bearer, a novice HaFi of Okawaru (D:4)
  Eustachio (D:5)
  Menkaure (D:5)
  An orc warrior (D:7)
  A black bear (D:6)
  A phantom (D:7)
  2 ogres
  2 centaurs (D:7)
  Blork the orc (D:4)
  A bullfrog (D:6)
  A howler monkey (D:6)
  A bullfrog zombie (D:6)
  A bullfrog skeleton (D:6)
  4 hounds
  2 jellies
  3 orc priests
  An iguana (D:5)
  4 orc wizards
  4 worker ants
  A mummy (D:5)
  3 adders
  2 oozes
  A worm (D:2)
  2 dart slugs (D:1)
  2 leopard geckos
  19 orcs
  2 giant cockroaches (D:2)
  5 goblins
  7 hobgoblins
  4 jackals (D:1)
  3 quokkas
  6 bats
  3 frilled lizards
  A jackal skeleton (D:4)
  7 kobolds
  A leopard gecko skeleton (D:5)
  A leopard gecko zombie (D:6)
  5 rats
108 creatures vanquished.

Notes
Turn   | Place    | Note
-------+----------+-------------------------------------------
     0 | D:1      | KoningWillie the Minotaur Fighter began the quest for the Orb.
     0 | D:1      | Reached XP level 1. HP: 19/19 MP: 0/0
   125 | D:1      | Reached XP level 2. HP: 27/27 MP: 1/1
  1016 | D:1      | Found a shimmering altar of Xom.
  1018 | D:1      | Found a hide-covered altar of Uskayaw.
  1018 | D:1      | Found a shimmering altar of Xom.
  1020 | D:1      | Found a basalt altar of Yredelemnul.
  1020 | D:1      | Found a snail-covered altar of Cheibriados.
  1020 | D:1      | Found a snail-covered altar of Cheibriados.
  1050 | D:1      | Became a worshipper of Xom of Chaos
  1184 | D:1      | XOM: silly message
  1250 | D:2      | XOM: harmless Erth miscast
  1250 | D:2      | Reached XP level 3. HP: 33/33 MP: 2/2
  1265 | D:2      | Found a shattered altar of Ashenzari.
  1503 | D:2      | XOM: harmless Erth miscast
  1800 | D:3      | Noticed Sigmund
  1804 | D:3      | Noticed Dommiel19's ghost (amateur GrMo)
  1804 | D:3      | XOM: potion effect (haste)
  1820 | D:3      | Reached skill level 3 in Long Blades
  1829 | D:3      | XOM: divination: detect creatures
  1855 | D:4      | Found a hazy altar of Hepliaklqana.
  1856 | D:4      | Found a shadowy altar of Dithmenos.
  1913 | D:4      | Noticed Blork the orc
  1927 | D:4      | Killed Blork the orc
  1927 | D:4      | Reached skill level 1 in Dodging
  1927 | D:4      | Reached XP level 4. HP: 8/41 MP: 3/3
  2035 | D:4      | Noticed Peloso's ghost (novice HaFi)
  2186 | D:4      | Noticed an ogre
  2195 | D:4      | Killed an ogre
  2195 | D:4      | Reached skill level 4 in Long Blades
  2195 | D:4      | Reached skill level 5 in Shields
  2195 | D:4      | Reached XP level 5. HP: 43/47 MP: 4/4
  2205 | D:4      | Found Amugoil's Antique Armour Shoppe.
  2241 | D:4      | XOM: cast spell 'Summon Ice Beast'
  2247 | D:4      | Reached XP level 6. HP: 46/53 MP: 5/5
  2346 | D:4      | Killed Peloso's ghost
  2346 | D:4      | Reached skill level 5 in Fighting
  2346 | D:4      | Reached skill level 5 in Long Blades
  2346 | D:4      | Reached XP level 7. HP: 61/61 MP: 6/6
  2376 | D:4      | Found a staircase to the Ecumenical Temple.
  2396 | D:5      | Entered Level 5 of the Dungeon
  2414 | D:4      | Reached skill level 5 in Armour
  2646 | D:4      | XOM: noise
  2690 | D:4      | Found a sparkling altar of Nemelex Xobeh.
  2695 | D:4      | XOM: confusion (+ monsters)
  3050 | D:4      | XOM: cloud trail
  3124 | D:5      | XOM: mild Fire miscast
  3136 | D:5      | XOM: cast spell 'Alistair's Intoxication'
  3156 | D:5      | Found an ancient bone altar of Kikubaaqudgha.
  3241 | D:5      | XOM: mild Hex miscast
  3247 | D:5      | XOM: medium Air miscast
  3248 | D:5      | Reached skill level 6 in Long Blades
  3270 | D:5      | Found Vaiwkowa's Assorted Antiques.
  3321 | D:5      | Found Amuoloeh's Antique Armour Shoppe.
  3336 | D:5      | XOM: 4-stop teleportation journey
  3368 | D:5      | Found a radiant altar of Vehumet.
  3373 | D:5      | Found a deep blue altar of Sif Muna.
  3376 | D:5      | Identified Sif Muna's Catalogue of Moulding
  3439 | D:5      | Found Zin's Purification Station.
  3439 | D:5      | XOM: 7-stop teleportation journey
  3496 | D:5      | Noticed Eustachio
  3503 | D:5      | Reached skill level 1 in Stealth
  3520 | D:5      | Killed Eustachio
  3520 | D:5      | Reached XP level 8. HP: 23/70 MP: 7/7
  3538 | D:5      | Found a glowing silver altar of Zin.
  3546 | D:5      | Bought a potion of curing for 90 gold pieces
  3652 | D:5      | Noticed Menkaure
  3659 | D:5      | Killed Menkaure
  3979 | D:6      | Reached skill level 7 in Long Blades
  3998 | D:6      | XOM: give mutation
  3998 | D:6      | Gained mutation: You occasionally shout uncontrollably at your foes. [Xom's mischief]
  4025 | D:6      | XOM is BORED!
  4025 | D:6      | XOM: chaos cloud
  4069 | D:6      | XOM: harmless Tloc miscast
  4087 | D:6      | XOM: harmless Summ miscast
  4150 | D:6      | Found a stormy altar of Qazlal.
  4296 | D:6      | XOM: god gift: 26 gold pieces
  4383 | D:6      | XOM: god gift: wand of scattershot (?/9) {god gift}
  4449 | D:7      | XOM: god gift: leather armour {god gift}
  4658 | D:7      | Reached skill level 8 in Long Blades
  4661 | D:7      | HP: 3/71 [orc priest/divine providence (17)]
  4664 | D:7      | XOM: potion effect (haste)
  4688 | D:7      | Reached XP level 9. HP: 5/78 MP: 8/8
  4693 | D:7      | XOM: summons friendly crimson imp
  4702 | D:7      | HP: 3/78 [killer bee (1)]
  4703 | D:7      | Slain by a big kobold

Skill      XL: |  1  2  3  4  5  6  7  8 |
---------------+-------------------------+-----
Shields        | 4 5 6 7 |  7.8
Fighting       | 4 5 6 |  6.5
Armour         | 4 5 6 |  6.2
Long Blades    | 3 4 5 6 8 |  8.6
Dodging        | 1 2 3 |  3.7
Stealth        | 1 |  1.6

Action                   |  1- 3 |  4- 6 |  7- 9 || total
-------------------------+-------+-------+-------++-------
Melee: Long sword        |   110 |    29 |   195 ||   334
       Headbutt          |    20 |     2 |    44 ||    66
  Use: Scroll            |     7 |       |     4 ||    11
       Potion            |       |     1 |     2 ||     3
 Stab: Confused          |       |       |     1 ||     1
  Eat: Bread ration      |     1 |       |       ||     1
       Fruit             |       |       |     2 ||     2
       Royal jelly       |       |       |     2 ||     2
       Chunk             |       |       |     2 ||     2
       Meat ration       |       |       |     1 ||     1
Armor: Scale mail        |    66 |    10 |    90 ||   166
Dodge: Dodged            |    42 |     4 |    73 ||   119
Block: Shield            |    72 |    11 |   162 ||   245
       Reflection        |       |     1 |     1 ||     2
       Rpst.: Long sword |     4 |       |    20 ||    24
